Map: Simulacrum LE

Players

Reynor - Winner!

  • Race: Zerg Zerg
  • Spawn Location: 11:00

INnoVation

  • Race: Terran Terran
  • Spawn Location: 5:00

Event: Shopify TSL 5

VOD

Have the link to the VOD?

Description

Time

  • Played on: May 31, 2020, 10:26 a.m.
  • Length: 11:39

All games in this series

Show
View Real Time Build Order
Export as new Build Order

Reynor Zerg - Winner!

Build Orders: Hatch First, Lurkers 

Get SALT Encoding   

  12  0:00  Drone  
  13  0:12  Overlord  
  13  0:17  Drone  
  14  0:30  Drone x2  
  16  0:49  Hatchery  
  15  0:52  Drone  
  15  0:55  Drone  
  17  1:00  Drone  
  18  1:11  Extractor  
  17  1:16  Spawning Pool  
  16  1:20  Drone  
  16  1:23  Drone  
  18  1:28  Drone  
  19  1:38  Drone  
  20  1:49  Overlord  
  20  2:02  Queen x2  
  20  2:03  Zergling x4  
  26  2:10  Drone  
  26  2:11  Drone  
  28  2:21  Drone  
  28  2:22  Drone  
  30  2:33  Hatchery  
  29  2:38  Metabolic Boost  
  29  2:41  Drone  
  29  2:43  Drone  
  31  2:49  Queen  
  33  2:55  Overlord  
  34  2:58  Drone  
  34  3:00  Drone  
  34  3:03  Drone  
  36  3:13  Drone  
  36  3:16  Pneumatized Carapace  
  36  3:19  Overlord  
  37  3:21  Drone x3  
  37  3:25  Zergling x2  
  41  3:28  Queen  
  41  3:32  Drone  
  44  3:39  Drone x3  
  47  3:41  Overlord  
  47  3:46  Drone x2  
  49  3:55  Zergling x2  
  49  3:56  Zergling x2  
  49  3:59  Drone x2  
  49  4:00  Drone x3  
  49  4:02  Zergling x2  
  57  4:09  Queen  
  59  4:12  Drone x2, Overlord  
  61  4:17  Drone  
  61  4:18  Drone x2  
  61  4:19  Drone  
  61  4:21  Drone  
  66  4:24  Overlord  
  66  4:32  Extractor, Drone, Overlord, Evolution Chamber  
  66  4:34  Drone  
  66  4:38  Overlord  
  66  4:47  Drone x7  
  66  4:50  Evolution Chamber  
  66  4:51  Zergling x2  
  73  4:55  Drone x4  
  73  4:57  Queen  
  79  5:00  Zergling x2  
  79  5:01  Zerg Ground Armor Level 1  
  79  5:02  Drone  
  79  5:03  Extractor  
  79  5:08  Drone x4  
  79  5:11  Lair  
  83  5:14  Drone  
  83  5:18  Extractor  
  83  5:20  Extractor, Baneling Nest  
  81  5:23  Hatchery  
  81  5:24  Zergling x4  
  82  5:29  Overlord x2  
  82  5:32  Drone x3  
  82  5:33  Drone  
  86  5:36  Zergling x4  
  86  5:37  Drone  
  89  5:47  Overlord  
  89  5:53  Drone x6  
  89  5:54  Drone x2  
  97  5:57  Drone x4  
  97  6:02  Overlord  
  97  6:03  Zergling x2  
  102  6:09  Zergling x6, Zerg Melee Weapons Level 1  
  105  6:12  Zergling x2  
  105  6:15  Zergling x2  
  105  6:17  Centrifical Hooks  
  105  6:18  Queen  
  107  6:21  Zergling x2  
  107  6:22  Zergling x6  
  113  6:26  Drone  
  113  6:28  Hydralisk Den  
  113  6:29  Zergling x8  
  113  6:31  Baneling x2  
  113  6:32  Baneling x4  
  117  6:34  Zergling x2  
  117  6:36  Zergling x2, Baneling x2  
  117  6:37  Baneling  
  117  6:38  Zergling x2  
  120  6:40  Zergling x2  
  120  6:41  Baneling x4  
  120  6:42  Zergling x2  
  120  6:43  Queen  
  120  6:46  Overlord  
  124  6:47  Zergling x2  
  124  6:50  Zergling x6  
  124  6:52  Overlord  
  128  6:59  Overlord  
  128  7:04  Overlord  
  128  7:08  Zergling x14  
  127  7:11  Zergling x4  
  127  7:13  Zerg Ground Armor Level 2  
  127  7:14  Baneling x7  
  127  7:15  Muscular Augments  
  128  7:16  Overlord  
  128  7:18  Hydralisk x2  
  131  7:25  Drone x2  
  131  7:29  Drone x2  
  135  7:31  Extractor  
  135  7:32  Infestation Pit, Hydralisk x2  
  135  7:33  Zergling x4  
  139  7:39  Hydralisk  
  139  7:40  Zergling x6  
  139  7:42  Hydralisk  
  139  7:43  Zergling x2, Hatchery  
  139  7:47  Baneling  
  139  7:49  Baneling  
  139  7:50  Baneling x5  
  137  7:52  Zergling x6  
  137  7:55  Zergling x2, Hydralisk  
  137  7:56  Zergling x10  
  137  7:57  Baneling x7  
  146  8:02  Zergling x8  
  146  8:05  Queen, Zergling x2  
  148  8:08  Hydralisk  
  148  8:10  Overlord  
  148  8:11  Overlord  
  151  8:15  Zergling x2  
  151  8:19  Zergling x4, Hydralisk  
  150  8:28  Zergling x2  
  150  8:31  Hydralisk  
  150  8:32  Zergling x20  
  139  8:38  Queen, Hive  
  139  8:40  Zergling x2, Baneling x7  
  140  8:45  Extractor, Hydralisk  
  140  8:46  Zergling x4  
  143  8:51  Baneling x9  
  143  8:52  Zergling x2  
  145  8:55  Zergling x4  
  145  8:56  Zergling x2  
  144  9:03  Zergling x4, Hatchery  
  144  9:05  Zergling x2  
  144  9:06  Zergling x2  
  146  9:14  Zergling x8  
  147  9:19  Zergling x10  
  152  9:28  Zergling x6  
  156  9:31  Zergling x2  
  156  9:34  Zerg Missile Weapons Level 1  
  156  9:37  Zergling x6  
  159  9:41  Overlord  
  148  9:47  Hydralisk  
  148  9:48  Zergling x14  
  148  9:50  Zergling x4, Hydralisk  
  148  9:51  Zergling x2  
  152  9:54  Viper  
  152  9:56  Viper x2  
  161  10:00  Zergling x4  
  161  10:02  Zergling x4  
  161  10:04  Zergling x2  
  161  10:05  Queen  
  168  10:07  Zergling x2  
  168  10:10  Baneling x12  
  168  10:12  Zergling x6  
  168  10:14  Zergling x6  
  174  10:16  Zergling x8, Lurker Den  
  174  10:18  Hatchery  
  177  10:21  Zergling x4  
  177  10:26  Zergling x6  
  177  10:28  Zergling x2  
  177  10:33  Zergling x6  
  177  10:34  Queen  
  176  10:36  Zergling x2  
  176  10:38  Zergling x4  
  176  10:40  Zergling x8  
  181  10:44  Zergling x12  
  181  10:48  Zergling x6  
  187  10:51  Overlord  
  187  10:55  Hydralisk  
  187  10:56  Zergling x10  
  182  10:59  Zergling x6  
  166  11:05  Baneling x6  
  166  11:08  Zergling x8  
  166  11:10  Hydralisk x2  
  166  11:11  Zergling x2  
  170  11:16  Zergling x18  
  170  11:18  Lurker x4  
Show
View Real Time Build Order
Export as new Build Order

INnoVation Terran 

Build Orders: Reaper Expand 

Get SALT Encoding   

  12  0:01  SCV  
  13  0:13  SCV  
  14  0:17  Supply Depot  
  14  0:25  SCV  
  15  0:38  SCV  
  15  0:41  Barracks  
  16  0:44  Refinery  
  16  0:50  SCV  
  17  1:03  SCV  
  18  1:15  SCV  
  19  1:28  Reaper, Orbital Command  
  20  1:40  Command Center  
  20  1:51  Supply Depot  
  21  1:54  SCV  
  21  2:00  Marine  
  22  2:06  SCV  
  23  2:15  Factory  
  23  2:18  SCV, Marine  
  25  2:30  SCV  
  26  2:37  Barracks Reactor  
  26  2:42  SCV  
  27  2:49  Command Center  
  27  2:53  Orbital Command  
  27  2:55  SCV  
  28  3:04  Starport  
  28  3:09  SCV  
  28  3:12  Refinery  
  29  3:16  Hellion  
  31  3:20  Hellion  
  31  3:23  SCV  
  31  3:24  SCV  
  35  3:27  Barracks Tech Lab  
  35  3:35  SCV  
  35  3:36  SCV  
  35  3:39  Hellion  
  39  3:42  Hellion  
  39  3:44  Viking  
  42  3:49  SCV x2  
  42  3:54  Stimpack  
  44  4:00  Orbital Command  
  44  4:01  SCV x2  
  46  4:03  Hellion  
  46  4:07  Hellion  
  50  4:13  SCV x2  
  50  4:17  Starport Reactor  
  52  4:25  SCV  
  52  4:26  SCV, Supply Depot  
  54  4:31  Barracks  
  54  4:32  Marine  
  54  4:36  SCV  
  54  4:37  Barracks, Factory Tech Lab  
  54  4:38  SCV x2  
  58  4:48  Supply Depot  
  58  4:50  Marine  
  58  4:52  SCV x3  
  62  4:59  Engineering Bay x2, Refinery  
  62  5:00  Refinery  
  62  5:04  SCV x2, Starport Reactor  
  64  5:07  Marine  
  64  5:10  Supply Depot  
  64  5:11  Siege Tank  
  64  5:12  Supply Depot  
  68  5:15  SCV  
  68  5:16  SCV x2  
  68  5:19  Marine x2  
  73  5:25  Terran Infantry Armor Level 1, Terran Infantry Weapons Level 1  
  73  5:28  Orbital Command  
  73  5:34  SCV x2  
  75  5:35  Barracks  
  75  5:36  Barracks  
  75  5:37  Marine x2, Combat Shield  
  75  5:38  Marine  
  75  5:40  Marine x2  
  80  5:46  SCV x2  
  80  5:47  Siege Tank  
  85  5:54  Supply Depot  
  85  5:57  Supply Depot  
  85  6:02  SCV x3  
  88  6:05  Medivac x2  
  88  6:10  Supply Depot  
  92  6:14  Supply Depot  
  92  6:15  SCV  
  92  6:16  SCV x2  
  95  6:20  Supply Depot  
  95  6:21  Siege Tank  
  95  6:23  Barracks Reactor  
  95  6:24  Barracks Reactor  
  95  6:25  Marine x2  
  100  6:26  Marine  
  100  6:32  SCV x3  
  104  6:37  Supply Depot  
  104  6:39  Armory  
  104  6:41  Marine  
  104  6:42  Marine  
  104  6:43  Marine  
  107  6:53  SCV x2, Siege Tank  
  107  6:54  SCV, Marine  
  113  6:55  Marine, Refinery  
  113  6:56  Refinery  
  113  6:59  Marine x4  
  119  7:03  Marine x3  
  119  7:08  SCV x3  
  124  7:13  Medivac x2  
  125  7:15  Supply Depot  
  125  7:22  Supply Depot  
  125  7:26  Marine x6  
  125  7:27  Marine x3  
  134  7:31  Terran Infantry Weapons Level 2  
  134  7:34  Terran Infantry Armor Level 2  
  134  7:43  Siege Tank  
  137  7:49  SCV  
  137  7:50  SCV x2  
  123  7:51  Marine x7  
  123  7:55  Marine x2  
  127  8:07  SCV x2  
  127  8:09  Medivac x2  
  127  8:10  Marine x3  
  127  8:12  Marine  
  135  8:13  Marine  
  135  8:18  Siege Tank  
  125  8:25  SCV  
  95  8:36  Marine x7  
  95  8:38  Marine  
  95  8:39  Medivac x2  
  95  8:40  Marine  
  103  8:44  SCV x2  
  105  8:51  Siege Tank  
  105  8:54  Marine  
  109  8:55  Marine x2  
  109  8:58  Marine x3  
  109  9:01  Marine  
  115  9:06  SCV x3  
  118  9:14  Marine, Medivac x2  
  118  9:15  Marine  
  124  9:23  Siege Tank  
  124  9:24  Marine x3  
  128  9:26  Marine  
  128  9:27  Marine  
  128  9:31  Marine  
  133  9:33  Marine  
  134  9:41  Marine x2  
  134  9:42  Marine x2  
  134  9:44  Medivac x2  
  119  9:53  Marine x5  
  119  9:55  Siege Tank  
  119  9:59  Marine x2  
  129  10:07  Sensor Tower  
  129  10:08  Marine  
  129  10:09  Marine  
  129  10:11  Marine  
  132  10:15  Marine  
  132  10:21  Marine x5  
  133  10:26  Marine  
  133  10:27  Marine  
  133  10:28  Siege Tank  
  135  10:31  Marine  
  135  10:33  Marine  
  134  10:39  Marine  
  134  10:41  Marine  
  126  10:55  Marine x7  
  132  11:00  Medivac x2  
  132  11:01  Marine x2  
  121  11:13  Marine x3  
  121  11:16  Marine x3  
  117  11:18  Marine  
Tags
 
Add a new tag
Caveats
  • Supply blocks, unpowered buildings, or Contaminate may cause inaccurate times.
  • Supply counts are checked every 10 seconds.